 Dungeon Crawl Stone Soup version 0.24.0-123-gd5b16e6ec5 (webtiles) character file.

Game seed: 10031833872540269876, levelgen mode: deterministic

149 Bluestream the Magician (level 5, -4/28 HPs)
             Began as a Deep Elf Fire Elementalist on Feb 4, 2020.
             Killed from afar by an orc wizard (8 damage)
             ... with a puff of flame
             ... on level 4 of the Dungeon.
             The game lasted 00:05:00 (2514 turns).

Bluestream the Magician (DEFE)                      Turns: 2514, Time: 00:05:01

Health: -4/28      AC:  2    Str:  5    XL:     5   Next: 9%
Magic:  4/14       EV: 13    Int: 21    God:
Gold:   83         SH:  0    Dex: 15    Spells: 10/13 levels left

rFire    . . .     SeeInvis .   i - +4 quarterstaff (chaos)
rCold    . . .     Gourm    .   (shield currently unavailable)
rNeg     . . .     Faith    .   a - +0 robe
rPois    .         Spirit   .   (no helmet)
rElec    .         Reflect  .   (no cloak)
rCorr    .         Harm     .   (no gloves)
MR       .....                  (no boots)
Stlth    ++........             (no amulet)
HPRegen  0.09/turn              (no ring)
MPRegen  0.14/turn              (no ring)

@: no status effects
A: no striking features
a: no special abilities


You were on level 4 of the Dungeon.
You were not hungry.

You visited 1 branch of the dungeon, and saw 4 of its levels.

You collected 83 gold pieces.

Inventory:

Hand Weapons
 i - a +4 quarterstaff of chaos (weapon)
Armour
 a - a +0 robe (worn)
 h - a +0 helmet
Scrolls
 b - 3 scrolls of identify {unknown}
 f - a scroll of noise {unknown}
 j - 4 scrolls of teleportation {unknown}
 k - a scroll of magic mapping {unknown}
 l - a scroll of amnesia {unknown}
 o - a scroll of remove curse {unknown}
Potions
 d - a potion of lignification {unknown}
 e - a potion of brilliance {unknown}
 g - a potion of curing {unknown}
 m - a potion of degeneration {unknown}
Comestibles
 c - 6 rations
 n - a chunk of flesh


   Skills:
 - Level 2.4 Dodging
 - Level 2.4 Stealth
 + Level 4.8 Spellcasting
 + Level 3.2 Conjurations
 + Level 4.5 Fire Magic


You had 10 spell levels left.
You knew the following spells:

 Your Spells              Type           Power        Failure   Level  Hunger
a - Flame Tongue          Conj/Fire      ###..        2%          1    None
b - Throw Flame           Conj/Fire      ###...       3%          2    None

Your spell library contained the following spells:

 Spells                   Type           Power        Failure   Level  Hunger
 Conjure Flame            Conj/Fire      ###.....     7%          3    ##.....
 Inner Flame              Hex/Fire       ##......     13%         3    ##.....
 Sticky Flame             Conj/Fire      ###.....     22%         4    ####...
 Fireball                 Conj/Fire      ###.......   52%         5    #####..


Dungeon Overview and Level Annotations

Branches:
Dungeon (4/15)
 Temple: D:4-7

Altars:
Kikubaaqudgha


Message History

You kill the bat!
The kobold hits you.
You feel sick.
You are no longer poisoned.
The orc wizard casts a spell at you. The puff of frost misses you.
You see here a bat corpse.
The orc wizard gestures at you while chanting.
The puff of flame hits you!
* * * LOW HITPOINT WARNING * * *
There is a stone staircase leading down here.
The kobold barely misses you.
You climb downwards.
A leopard gecko comes into view.
There is a stone staircase leading up here.
The orc wizard hits you with a +0 dagger.
* * * LOW HITPOINT WARNING * * *
The orc wizard gestures at you while chanting.
The puff of flame hits you!
You die...

.. .# #.# ##.##
##...## #
.######.....##..
...............#
#@.K..# ##.l.##
##o## #.# #..
####


You could see an orc wizard, a leopard gecko and a kobold.

Vanquished Creatures
  An orc wizard (D:3)
  Crazy Yiuf (D:2)
  Robin (D:2)
  2 adders
  2 oozes (D:1)
  A dart slug (D:1)
  A leopard gecko (D:1)
  A ball python (D:2)
  6 bats
  2 giant cockroaches
  12 goblins
  9 hobgoblins
  6 kobolds
  2 frilled lizards
  7 rats
54 creatures vanquished.

Notes
Turn   | Place    | Note
-------+----------+-------------------------------------------
     0 | D:1      | Bluestream the Deep Elf Fire Elementalist began the quest
                  | for the Orb.
     0 | D:1      | Reached XP level 1. HP: 10/10 MP: 6/6
   409 | D:1      | Reached XP level 2. HP: 15/15 MP: 6/8
   910 | D:1      | Reached XP level 3. HP: 19/19 MP: 7/10
  1136 | D:2      | Learned a level 2 spell: Throw Flame
  1142 | D:2      | Noticed Robin
  1363 | D:2      | Killed Robin
  1486 | D:2      | Found an ancient bone altar of Kikubaaqudgha.
  1617 | D:2      | Reached XP level 4. HP: 24/24 MP: 7/12
  1925 | D:2      | Found a runed translucent door.
  1926 | D:2      | Noticed Crazy Yiuf
  2058 | D:2      | Killed Crazy Yiuf
  2484 | D:3      | Reached XP level 5. HP: 28/28 MP: 2/14
  2514 | D:4      | Killed from afar by an orc wizard

Levels and vault maps discovered:
D:1:      sevenhm_arrival_forest_fort_small_6, layout_basic, hex_medium
D:2:      layout_loops_cross, kiku_gazebo_garden_becter, uniq_robin,
          uniq_crazy_yiuf_cottage
D:3:      layout_rooms, first_ration, uniq_sigmund
D:4:      layout_loops_ring

Skill      XL: |  1  2  3  4 |
---------------+-------------+-----
Conjurations   | 2 3 |  3.2
Spellcasting   | 4 |  4.8
Fire Magic     | 4 |  4.5
Dodging        | |  2.4
Stealth        | |  2.4

Action                   |  1- 3 |  4- 6 || total
-------------------------+-------+-------++-------
Melee: Quarterstaff      |       |     2 ||     2
 Cast: Flame Tongue      |    60 |    15 ||    75
       Throw Flame       |     8 |    12 ||    20
  Eat: Chunk             |     2 |     3 ||     5
Armor: Robe              |     1 |     2 ||     3
Dodge: Dodged            |    13 |    14 ||    27
